 Dungeon Crawl Stone Soup version 0.29-a0-1030-gf5f8719cae (webtiles) character file.

Game seed: 13344365658690727518

1 rngdf the Sneak (level 1, 0/9 HPs)
             Began as a Spriggan Enchanter on Aug 14, 2022.
             Slain by a jackal (1 damage)
             ... on level 1 of the Dungeon.
             The game lasted 00:00:52 (110 turns).

rngdf the Sneak (Spriggan Enchanter)                 Turns: 110, Time: 00:00:52

Health: 0/9        AC:  0    Str:  4    XL:     1   Next: 16%
Magic:  5/5        EV: 17    Int: 16    God:
Gold:   0          SH:  0    Dex: 15    Spells: 5/5 levels left

rFire   . . .      SeeInvis +   a - +0 short sword
rCold   . . .      Faith    .   (no shield)
rNeg    . . .      Spirit   .   (body armour restricted)
rPois   .          Reflect  .   (helmet restricted)
rElec   .          Harm     .   (no cloak)
rCorr   .          Rampage  .   (gloves unavailable)
Will    .....                   (boots unavailable)
Stlth   +++.......              (no amulet)
HPRegen 0.03/turn               (no ring)
MPRegen 0.09/turn               (no ring)

@: brilliant, very quick
A: very small, no large weapons, unfitting armour, see invisible, speed 3
a: no special abilities


You were on level 1 of the Dungeon.
You visited 1 branch of the dungeon, and saw 1 of its levels.

Inventory:

Hand Weapons
 a - a +0 short sword (weapon)
Scrolls
 c - a scroll of fog


   Skills:
 - Level 2.6 Dodging
 - Level 4.4 Stealth
 - Level 0.7 Unarmed Combat
 + Level 2.7 Spellcasting
 + Level 3.7 Hexes


You had 5 spell levels left.
You didn't know any spells.
Your spell library contained the following spells:

 Spells                   Type           Power      Damage    Failure   Level
 Confusing Touch          Hex            21%        N/A       13%         3
 Tukima's Dance           Hex            21%        N/A       13%         3
 Ensorcelled Hibernation  Hex/Ice        24%        N/A       14%         2
 Dazzling Flash           Conj/Hex       24%        N/A       26%         3


Dungeon Overview and Level Annotations

Branches:
Dungeon (1/15)

Altars:


Innate Abilities, Weirdness & Mutations

You are very small and have problems with some larger weapons.
You are too small for most types of armour.
You have supernaturally acute eyesight. (SInv)
You cover ground extremely quickly. (Speed+++)


Message History

You see here a +0 short sword.
a - a +0 short sword The quokka bites you.
The quokka misses you.
The hobgoblin shouts!
The quokka twitches its whiskers.
The quokka twitches its whiskers.
A giant cockroach comes into view.
A jackal comes into view.
A jackal comes into view.
Found 12 gold pieces. 2 jackals come into view.
The jackal barks!
You hear an angry hiss.
The jackal moves out of view. x2
The goblin completely misses you. The hobgoblin hits you.
The hobgoblin completely misses you.
You see here a sedimented brown potion.
b - a sedimented brown potion You see here 2 scrolls labelled OLEZXO USHU.
c - 2 scrolls labelled OLEZXO USHU It was a potion of brilliance.
You feel clever all of a sudden. The jackal barely misses you.
The jackal misses you.
a - a +0 short sword (weapon)
The jackal bites you.
Unknown command.
As you read the scroll labelled OLEZXO USHU, it crumbles to dust.
The scroll dissolves into smoke.
It was a scroll of fog.
The jackal misses you. The jackal completely misses you.
The jackal barks!
You hear a bark!
The quokka closely misses you. The jackal barely misses you.
The jackal bites you.
You hit the jackal but do no damage. The quokka completely misses you.
The jackal barely misses you. The jackal bites you.
* * * LOW HITPOINT WARNING * * *
The goblin barely misses you.
Unknown command.
You closely miss the jackal. The jackal misses you. The jackal bites you.
You die...

#............#
#............#
g......h.....#
##...rg......#
#####.####.## #.# ##.##
#.# #...# #### #.#
#...###### ..... #.#
#....hh@§##≈≈≈#+ #.#
###.§§rgh#.....# #.#
#.§§§§§§.....≈ #.#
#..§§§§§..⌠..≈ #.#
#..§§§.#.....#
#.###.#######≈§§###§≈≈##
#........#.#.....#......
#..##.##.#.≈..⌠..≈..(...
#. #....#.≈..<..≈......


You could see a quokka, 3 jackals and a goblin.

Vanquished Creatures
  A hobgoblin (D:1)
1 creature vanquished.

Notes
Turn   | Place    | Note
-------+----------+-------------------------------------------
     0 | D:1      | rngdf the Spriggan Enchanter began the quest for the Orb.
     0 | D:1      | Reached XP level 1. HP: 9/9 MP: 5/5
   110 | D:1      | Slain by a jackal

Illustrated notes

Levels and vault maps discovered:
D:1:      dpeg_arrival_rooms_with_view, layout_basic, minmay_misc_feat_rugged,
          nrook_mini_backslash

Action                   || total
-------------------------++-------
Melee: Unarmed           ||     5
       Short sword       ||     2
  Use: Scroll            ||     1
       Potion            ||     1
 Stab: Sleeping          ||     1
Dodge: Dodged            ||    18

Table legend: (Time is in decaauts)
 A = Elapsed time spent in this place.
 B = Non-inter-level travel time spent in this place.
 C = Inter-level travel time spent in this place.
 D = Time resting spent in this place.
 E = Time spent auto-exploring this place.
 F = Levels seen in this place.
 G = Mean time per level.
                   A        B        C        D        E       F      G
               +--------+--------+--------+--------+--------+-----+--------+
         Total |     70 |     70 |      0 |      0 |      7 |   1 |   70.0 |
       Dungeon |     70 |     70 |      0 |      0 |      7 |   1 |   70.0 |
               +--------+--------+--------+--------+--------+-----+--------+

Top non-repeatable levels by time:
     D:1: 70 daAuts
